Map: Orbital Shipyard

Players

ToughElite - Winner!

  • Race: Protoss Protoss
  • League: Diamond

LilDicky

  • Race: Terran Terran
  • League: Diamond

VOD

http://www.twitch.tv/tumescentpie

Description

Time

  • Played on: Jan. 2, 2016, 11:09 a.m.
  • Length: 2:14
Show
View Real Time Build Order
Export as new Build Order

ToughElite Protoss - Winner!

Build Orders:  

Get SALT Encoding   

  12  0:01  Probe (Chrono Boost)  
  13  0:14  Pylon  
  13  0:18  Probe (Chrono Boost)  
  14  0:29  Probe (Chrono Boost)  
  15  0:35  Forge  
  15  0:39  Probe (Chrono Boost)  
  16  0:52  Probe (Chrono Boost)  
  16  0:53  Pylon  
  17  1:03  Probe (Chrono Boost)  
  18  1:14  Photon Cannon  
  18  1:19  Pylon  
  18  1:33  Probe (Chrono Boost)  
  18  1:41  Gateway  
  18  1:43  Probe (Chrono Boost)  
  18  1:45  Pylon  
  19  1:55  Probe (Chrono Boost)  
  19  2:11  Pylon  
  19  2:12  Photon Cannon  
Show
View Real Time Build Order
Export as new Build Order

LilDicky Terran 

Build Orders:  

Get SALT Encoding   

  12  0:01  SCV  
  13  0:13  SCV  
  14  0:21  Supply Depot  
  14  0:26  SCV  
  15  0:39  Refinery  
  15  0:43  SCV  
  15  0:45  Barracks  
  16  0:55  SCV  
  17  1:07  SCV  
  18  1:22  Supply Depot  
  17  1:46  Marine  
  17  1:47  Bunker  
  14  2:13  Factory  
Tags
 
Add a new tag
Caveats
  • Supply blocks, unpowered buildings, or Contaminate may cause inaccurate times.
  • Supply counts are checked every 10 seconds.